 Dungeon Crawl Stone Soup version 0.30-a0-1163-gf69bf04e7a (webtiles) character file.

Game seed: 1792314592808344028

243 donQuojot the Covered (level 5, -2/47 HPs)
             Began as a Minotaur Fighter on Apr 28, 2023.
             Was a Follower of Uskayaw.
             Slain by a gnoll
             ... wielding a +0 halberd
              (6 damage)
             ... on level 4 of the Dungeon.
             The game lasted 00:34:52 (1778 turns).

donQuojot the Covered (Minotaur Fighter)            Turns: 1778, Time: 00:35:01

Health: -2/47      AC:  7    Str: 23    XL:     5   Next: 82%
Magic:  4/4        EV: 10    Int:  5    God:    Uskayaw [*.....]
Gold:   84         SH:  4    Dex:  9    Spells: 4/4 levels left

rFire   . . .        a - +1 long sword
rCold   . . .        c - +0 buckler
rNeg    . . .        b - +0 scale mail
rPois   .            (helmet restricted)
rElec   .            (no cloak)
rCorr   .            (no gloves)
SInv    +            (no boots)
Will    .....        (no amulet) Stlth
                     f - ring of see invisible
HPRegen 0.27/turn    (no ring)
MPRegen 0.09/turn

%: no passive effects
@: no status effects
A: horns 2, retaliatory headbutt
a: Renounce Religion, Stomp


You were on level 4 of the Dungeon.
You worshipped Uskayaw.
Uskayaw was noncommittal.
You visited 1 branch of the dungeon, and saw 4 of its levels.

You collected 84 gold pieces.

Inventory:

Hand Weapons
 a - a +1 long sword (weapon)
 i - a +0 hand axe
 j - a +0 falchion
 k - a +0 whip
 q - a +0 spear
Missiles
 m - 10 stones (quivered)
Armour
 b - a +0 scale mail (worn)
 c - a +0 buckler (worn)
 l - a +0 ring mail
 r - a +2 helmet
 s - a +0 pair of boots
 t - a +0 pair of boots
Jewellery
 f - a ring of see invisible (left hand)
Potions
 d - a potion of might
 e - a potion of degeneration {unknown}
 g - a potion of flight
 n - a potion of curing {unknown}
 o - a potion of attraction {unknown}
 p - a potion of haste {unknown}


   Skills:
 + Level 4.7 Fighting
 + Level 4.3 Long Blades
 + Level 5.3 Armour
 + Level 1.3 Dodging
 + Level 4.6 Shields


You had 4 spell levels left.
You didn't know any spells.
Your spell library contained the following spells:

 Spells                   Type           Power      Damage    Failure   Level
 Freeze                   Ice            0%         1d3       83%         1
 Sandblast                Erth           0%         2d4       83%         1
 Passwall                 Tmut/Erth      0%         N/A       93%         2
 Sublimation of Blood     Necr           0%         N/A       93%         2
 Wereblood                Tmut           0%         N/A       93%         2
 Stone Arrow              Conj/Erth      0%         3d7       99%         3
 Animate Armour           Summ/Erth      0%         N/A       100%        4
 Summon Hydra             Summ           0%         N/A       100%        7
 Lehudib's Crystal Spear  Conj/Erth      0%         10d2      100%        8


Dungeon Overview and Level Annotations

Branches:
Dungeon (4/15)
 Temple: D:4-7

Altars:
Uskayaw
Vehumet


Innate Abilities, Weirdness & Mutations

You have a pair of horns on your head.
You reflexively headbutt those who attack you in melee.


Message History

There is a stone staircase leading up here.
Found 17 gold pieces.
Found a stone staircase leading up.
Found a pair of boots.
You now have 66 gold pieces (gained 17).
Found 18 gold pieces.
Found a stone staircase leading down.
You see here a +0 pair of boots.
t - a +0 pair of boots You now have 84 gold pieces (gained 18).
A gnoll comes into view. It is wielding a +0 club.
The gnoll shouts!
A gnoll comes into view. It is wielding a +0 halberd.
Found a radiant altar of Vehumet.
A goblin comes into view. It is wielding a +2 dagger of venom.
The goblin shouts!
The goblin hits you but does no damage.
You are poisoned.
You closely miss the goblin.
You feel sick. You block the goblin's attack.
You slash the goblin!
You kill the goblin!
You feel sick.
Found a robe.
Found a stone staircase leading down.
You feel sick.
You see here a +2 dagger of venom.
The gnoll attacks as you move away! The gnoll hits you with a +0 club.
* * * LOW HITPOINT WARNING * * *
You feel sick.
You feel sick.
You are no longer poisoned.
The gnoll attacks as you move away! The gnoll barely misses you.
You furiously retaliate!
You headbutt the gnoll. The gnoll attacks as you move away!
The gnoll hits you with a +0 club.
* * * LOW HITPOINT WARNING * * *
The gnoll attacks as you move away! The gnoll hits you with a +0 club!
* * * LOW HITPOINT WARNING * * *
As you read the scroll of teleportation, it crumbles to dust.
You feel strangely unstable.
As you read the scroll of teleportation, it crumbles to dust.
You feel strangely stable.
The gnoll hits you from afar with a +0 halberd.
You die...

...###)#.#
##...#...#~
#[.......# #...#
..# #>####...#
#...# .# #...#
#...# # .####...#
#...###.#.
........#
#........~
.#####.g#
#<......>.
#..#######.####.#~
#g@#.............~≈
#..#.#####.##.....~
#... #.#.....~≈
#.... #.##....~≈
####.# #.# #...~≈
.# #.# #..~≈ .#
##.## #.~≈ #
##...## #~~
#.###.....####[.


You could see 2 gnolls.

Vanquished Creatures
  A quasit (D:3)
  Jessica (D:2)
  An iguana (D:4)
  2 gnolls (D:3)
  A dart slug (D:1)
  5 endoplasms
  3 giant cockroaches
  7 goblins
  3 hobgoblins
  3 kobolds
  2 quokkas
  A ball python (D:3)
  2 bats
  A frilled lizard (D:1)
  5 rats
38 creatures vanquished.

Vanquished Creatures (others)
  The ghost of Kiciri the Magician, an amateur DjWr (D:3)
  3 fungi
  4 toadstools (D:1)
8 creatures vanquished.

Grand Total: 46 creatures vanquished

Notes
Turn   | Place    | Note
-------+----------+-------------------------------------------
     0 | D:1      | donQuojot the Minotaur Fighter began the quest for the Orb.
     0 | D:1      | Reached XP level 1. HP: 19/19 MP: 0/0
    86 | D:1      | Found a faded altar of an unknown god.
    95 | D:1      | Got Plato's Volume of Frost
   231 | D:1      | Reached XP level 2. HP: 19/27 MP: 1/1
   644 | D:2      | Reached XP level 3. HP: 33/33 MP: 2/2
   650 | D:2      | Noticed Jessica
   666 | D:2      | Killed Jessica
   667 | D:2      | Reached skill level 4 in Armour
   959 | D:3      | Found a transporter.
   961 | D:3      | Noticed Kiciri's ghost (amateur DjWr)
  1096 | D:3      | Reached XP level 4. HP: 8/40 MP: 3/3
  1120 | D:3      | Found a hide-covered altar of Uskayaw.
  1191 | D:3      | Found a transporter.
  1499 | D:3      | Killed Kiciri's ghost
  1500 | D:3      | Reached skill level 5 in Armour
  1500 | D:3      | Reached skill level 1 in Dodging
  1500 | D:3      | Reached XP level 5. HP: 14/47 MP: 4/4
  1519 | D:3      | Became a worshipper of Uskayaw the Reveller
  1708 | D:4      | Reached * piety under Uskayaw
  1759 | D:4      | Found a radiant altar of Vehumet.
  1778 | D:4      | Slain by a gnoll

Illustrated notes

Levels and vault maps discovered:
D:1:      ldierk_walled_garden_2, layout_loops_corners,
          shapermc_ecumenical_altar_rom_forum, hangedman_decor_growths,
          hangedman_abyss_or_decor_stabs, minmay_tromino_i2
D:2:      layout_loops_ring, amethyst_killhole, chequers_serial_rivers_micro_e,
          uniq_jessica
D:3:      layout_loops_ring, nicolae_uskayaw_dance_hall,
          gammafunk_ghost_stat_death, nicolae_concentric_dashed_squares_wild,
          bh_walls_and_bars
D:4:      layout_loops_ring, mainiacjoe_overflow_boulevard, kennysheep_boxes

Skill      XL: |  1  2  3  4 |
---------------+-------------+-----
Shields        | 4 |  4.6
Fighting       | 4 |  4.7
Long Blades    | 3 4 |  4.3
Armour         | 4 5 |  5.3
Dodging        | 1 |  1.3

Action                     |  1- 3 |  4- 6 || total
---------------------------+-------+-------++-------
  Melee: Long sword        |    64 |    50 ||   114
         Headbutt          |    12 |     6 ||    18
    Use: Scroll            |       |     7 ||     7
         Potion            |       |     1 ||     1
 Armour: Scale mail        |    19 |    56 ||    75
  Dodge: Dodged            |    30 |    61 ||    91
  Block: Buckler           |    18 |    20 ||    38

Table legend: (Time is in decaauts)
 A = Elapsed time spent in this place.
 B = Non-inter-level travel time spent in this place.
 C = Inter-level travel time spent in this place.
 D = Time resting spent in this place.
 E = Time spent auto-exploring this place.
 F = Levels seen in this place.
 G = Mean time per level.
                   A        B        C        D        E       F      G
               +--------+--------+--------+--------+--------+-----+--------+
         Total |   1806 |    526 |   1280 |      0 |      0 |   4 |  451.5 |
       Dungeon |   1806 |    526 |   1280 |      0 |      0 |   4 |  451.5 |
               +--------+--------+--------+--------+--------+-----+--------+

Top non-repeatable levels by time:
     D:3: 732 daAuts
     D:2: 604 daAuts
     D:1: 367 daAuts
     D:4: 102 daAuts
